[Event "December 12 Late 2023"]
[Site "https://www.chess.com"]
[Date "2023.12.12"]
[Round "1"]
[White "Krallis, Christos"]
[Black "Bonin, Jay"]
[Result "1-0"]
[Board "91"]
[TimeControl "180+1"]
[WhiteFideId "4298896"]
[BlackFideId "2000644"]
[WhiteElo "2671"]
[BlackElo "2334"]
[WhiteTeam "GRE"]
[BlackTeam "USA"]
[WhiteClock "0:00:20"]
[BlackClock "0:00:00"]

1. Nf3 Nf6 2. d4 d6 3. Nc3 Bf5 4. Nh4 Bd7 5. Nf3 Nc6 6. d5 Ne5 7. Nxe5 dxe5 8. e4 e6 9. Bg5 Bb4 10. dxe6 Bxe6 11. Bd3 Bxc3+ 12. bxc3 h6 13. Be3 O-O 14. O-O Ng4 15. Bc5 Re8 16. h3 Nf6 17. a4 b6 18. Be3 c5 19. Bb5 Re7 20. Qxd8+ Rxd8 21. f3 Bd7 22. Rfd1 Ree8 23. c4 a5 24. Rdb1 Bxb5 25. Rxb5 Rd6 26. Rab1 Nd7 27. Kf2 Ree6 28. Ke2 Kh7 29. R5b3 g6 30. Rd3 Rxd3 31. cxd3 f5 32. g4 f4 33. Bd2 g5 34. h4 h5 35. hxg5 hxg4 36. Rh1+ Kg7 37. fxg4 Rg6 38. Rh5 Nb8 39. Bc3 Nc6 40. Kf3 Rd6 41. Ke2 Rg6 42. Bb2 Rd6 43. g6 Rxg6 44. Bxe5+ Nxe5 45. Rxe5 Rxg4 46. Re7+ Kf6 47. Rb7 Rg2+ 48. Kf3 Rg3+ 49. Kxf4 Rxd3 50. Rxb6+ Ke7 51. Rb5 Ra3 52. Rxa5 Kd6 53. Ra6+ Kc7 54. Ke5 Rd3 55. Ra5 Kc6 56. Ra6+ Kc7 57. Ke6 Rd4 58. e5 Rxc4 59. Kd5 Rc1 60. Rc6+ Kb7 61. Rxc5 Rd1+ 62. Ke6 1-0

[Event "December 12 Late 2023"]
[Site "https://www.chess.com"]
[Date "2023.12.12"]
[Round "1"]
[White "Gerola, Fausto"]
[Black "Karttunen, Mika"]
[Result "1-0"]
[Board "92"]
[TimeControl "180+1"]
[WhiteFideId "845175"]
[BlackFideId "502081"]
[WhiteElo "2333"]
[BlackElo "2671"]
[WhiteTeam "ITA"]
[BlackTeam "FIN"]
[WhiteClock "0:01:21"]
[BlackClock "0:00:31"]

1. e4 c5 2. Nf3 d6 3. d4 cxd4 4. Nxd4 Nf6 5. Nc3 a6 6. Bg5 Nbd7 7. f4 Qc7 8. Qf3 h6 9. Bh4 g5 10. fxg5 Ne5 11. Qe2 Bg4 12. Qd2 hxg5 13. Bxg5 Nfd7 14. Be2 Nc4 15. Bxc4 Qxc4 16. Qd3 Ne5 17. Qxc4 Nxc4 18. b3 Ne5 19. Nd5 Rc8 20. c4 Nd7 21. O-O f6 22. Be3 Nc5 23. h3 Bh5 24. Rae1 Nxe4 25. Bc1 Bg6 26. Nf5 Bxf5 27. Rxf5 Nc5 28. Nxf6+ Kd8 29. Ng4 e6 30. Rf7 Rc7 31. Rxc7 Kxc7 32. Be3 Ne4 33. Bf4 Nc5 34. b4 Nd7 35. Rxe6 Rh5 36. c5 Kc6 37. Bxd6 Bxd6 38. Rxd6+ Kc7 39. Rxd7+ Kxd7 40. Nf6+ Kc6 41. Nxh5 1-0

[Event "December 12 Late 2023"]
[Site "https://www.chess.com"]
[Date "2023.12.12"]
[Round "1"]
[White "Piesik, Piotr"]
[Black "Degtiarev, Evgeny"]
[Result "1-0"]
[Board "93"]
[TimeControl "180+1"]
[WhiteFideId "1136194"]
[BlackFideId "4149610"]
[WhiteElo "2671"]
[BlackElo "2332"]
[WhiteTeam "CZE"]
[BlackTeam "GER"]
[WhiteClock "0:00:47"]
[BlackClock "0:00:03"]

1. Nf3 Nf6 2. g3 d5 3. Bg2 g6 4. O-O Bg7 5. d4 O-O 6. c4 c6 7. Nc3 Ne4 8. Qb3 Nxc3 9. bxc3 dxc4 10. Qxc4 Na6 11. e4 Qa5 12. a4 c5 13. Bd2 Bg4 14. d5 e6 15. Rab1 exd5 16. exd5 Bd7 17. Rxb7 Rfd8 18. Ra1 Bc8 19. Rb5 Qc7 20. Bf4 Qd7 21. Ne5 Qe8 22. Nc6 Rd7 23. h4 Bb7 24. Rxb7 Rxb7 25. Qxa6 Rb2 26. d6 Bxc3 27. Ne7+ Kg7 28. Bxa8 Qxa8 29. Qc6 Qd8 30. Rd1 Bd4 31. Rxd4 Rb1+ 32. Kg2 cxd4 33. Qe4 Qb6 34. Nd5 Qb3 35. Qxd4+ Kf8 36. Qh8# 1-0

[Event "December 12 Late 2023"]
[Site "https://www.chess.com"]
[Date "2023.12.12"]
[Round "1"]
[White "Munoz Sanchez, Miguel"]
[Black "Goryachkina, Aleksandra"]
[Result "0-1"]
[Board "94"]
[TimeControl "180+1"]
[WhiteFideId "3600734"]
[BlackFideId "4147103"]
[WhiteElo "2330"]
[BlackElo "2664"]
[WhiteTeam "ECU"]
[BlackTeam "FID"]
[WhiteClock "0:00:00"]
[BlackClock "0:00:09"]

1. Nf3 c5 2. g3 Nf6 3. Bg2 g6 4. O-O Bg7 5. c4 Nc6 6. Nc3 d6 7. d4 cxd4 8. Nxd4 Bd7 9. Nc2 h5 10. Bg5 Nh7 11. Be3 h4 12. Nd5 hxg3 13. hxg3 Nf6 14. Nxf6+ Bxf6 15. Nd4 Ne5 16. Rc1 Ng4 17. Qd2 Nxe3 18. Qxe3 Qa5 19. Nb5 Kf8 20. Bf3 a6 21. Nc3 Bc6 22. Nd5 Be5 23. b4 Qd8 24. Rfd1 Bxd5 25. Rxd5 e6 26. Rxe5 dxe5 27. Qxe5 Ke7 28. Bxb7 Rb8 29. Bf3 Rxb4 30. Qc5+ Qd6 31. Qa7+ Kf6 32. c5 Qd2 33. Rf1 g5 34. c6 g4 35. Bg2 Rc4 36. Qxa6 Rc1 37. e3 Rxf1+ 38. Qxf1 Qc3 39. Qd1 Ra8 40. Qd4+ Qxd4 41. exd4 Rxa2 42. d5 Ra1+ 43. Kh2 exd5 44. Bxd5 Rc1 45. Kg2 Ke7 46. Be4 Ke6 47. f3 f5 48. Bd3 Rc3 49. Bb5 Rxf3 50. Bc4+ Kd6 51. Be2 Rc3 52. Kf2 Rxc6 53. Bd1 Rc5 54. Bb3 Ke5 55. Bd1 Rc3 56. Be2 Rc2 57. Ke3 Rc3+ 58. Kf2 Kd4 59. Bd1 Ra3 60. Be2 Ra2 61. Kg2 Rxe2+ 0-1

[Event "December 12 Late 2023"]
[Site "https://www.chess.com"]
[Date "2023.12.12"]
[Round "1"]
[White "Goltsev, Dmitry"]
[Black "Khokhlova, Daria"]
[Result "1-0"]
[Board "95"]
[TimeControl "180+1"]
[WhiteFideId "24176710"]
[BlackFideId "24182729"]
[WhiteElo "2663"]
[BlackElo "2329"]
[WhiteTeam "RUS"]
[BlackTeam "FID"]
[WhiteClock "0:02:28"]
[BlackClock "0:01:21"]

1. e4 c5 2. Nf3 d6 3. d4 cxd4 4. Nxd4 Nf6 5. Nc3 a6 6. Be2 e5 7. Nb3 Be7 8. O-O O-O 9. f4 exf4 10. Bxf4 Nc6 11. Bf3 Ne5 12. Qe2 Be6 13. Rfd1 Qc7 14. Nd4 Nxf3+ 15. gxf3 Rfd8 16. Kh1 Nd7 17. Nf5 Bxf5 18. Nd5 Qc5 19. Nxe7+ Kf8 20. Bxd6 Qb5 21. Nxf5+ Kg8 22. Qxb5 axb5 23. Be7 1-0

[Event "December 12 Late 2023"]
[Site "https://www.chess.com"]
[Date "2023.12.12"]
[Round "1"]
[White "Kujawski, Adam"]
[Black "Wadsworth, Matthew J"]
[Result "1-0"]
[Board "96"]
[TimeControl "180+1"]
[WhiteFideId "1100920"]
[BlackFideId "415804"]
[WhiteElo "2328"]
[BlackElo "2660"]
[WhiteTeam "POL"]
[BlackTeam "ENG"]
[WhiteClock "0:00:02"]
[BlackClock "0:00:05"]

1. e4 c5 2. Nf3 e6 3. d4 cxd4 4. Nxd4 Nc6 5. Nc3 Qc7 6. Ndb5 Qb8 7. Be3 a6 8. Nd4 Qc7 9. f4 b5 10. Bd3 Bb7 11. Nxc6 Qxc6 12. a3 Nf6 13. O-O b4 14. axb4 Bxb4 15. Bd4 Bxc3 16. bxc3 Nxe4 17. Qg4 Nf6 18. Qh3 h5 19. Rab1 h4 20. Rb6 Qc8 21. f5 Rh5 22. fxe6 dxe6 23. Qe3 Nd5 24. Qf3 Rf5 25. Bxf5 Nxb6 26. Be4 Qc7 27. Bxb7 Rb8 28. Be4 Nc4 29. Qf2 h3 30. gxh3 a5 31. Kh1 a4 32. Qh4 a3 33. Qh8+ Ke7 34. Rxf7+ Kxf7 35. Qxg7+ Ke8 36. Qxc7 Rb1+ 37. Kg2 a2 38. Bg6+ Kf8 39. Qg7# 1-0

[Event "December 12 Late 2023"]
[Site "https://www.chess.com"]
[Date "2023.12.12"]
[Round "1"]
[White "Tokhirjonova, Gulrukhbegim"]
[Black "Adamczyk, Zuzanna"]
[Result "1-0"]
[Board "97"]
[TimeControl "180+1"]
[WhiteFideId "14203626"]
[BlackFideId "1187570"]
[WhiteElo "2654"]
[BlackElo "2328"]
[WhiteTeam "USA"]
[BlackTeam "POL"]
[WhiteClock "0:00:45"]
[BlackClock "0:00:12"]

1. e4 d6 2. d4 Nf6 3. Nc3 e5 4. Nf3 Nbd7 5. Be2 c6 6. Be3 Qc7 7. Qd2 b5 8. a3 a6 9. Rd1 Be7 10. g4 Nxg4 11. Rg1 Nxe3 12. Qxe3 Bf6 13. dxe5 dxe5 14. h4 Nb6 15. h5 Be6 16. Ng5 Bc4 17. b3 Bxe2 18. Kxe2 Rd8 19. h6 g6 20. Nf3 O-O 21. Qc5 Nd7 22. Qd6 Qxd6 23. Rxd6 Be7 24. Rxc6 Rc8 25. Rxc8 Rxc8 26. Nd5 Bf8 27. c3 Kh8 28. Ra1 Bxh6 29. a4 Nc5 30. axb5 axb5 31. Nxe5 Nxe4 32. Nxf7+ Kg7 33. Ra7 Nxc3+ 34. Kd3 Nxd5 35. Nd6+ Kf6 36. Nxc8 Bf4 37. Rxh7 Be5 38. Rb7 b4 39. Kc4 Nf4 40. Kxb4 Nd3+ 41. Kc4 Nxf2 42. Nb6 g5 43. Nd7+ Kf5 44. Rb5 Ng4 45. Nxe5 Nxe5+ 46. Kd4 Kf4 47. Rxe5 g4 48. Re8 g3 49. Rf8+ Kg4 50. Ke3 g2 51. Kf2 Kh3 52. Rh8+ Kg4 53. Rg8+ Kh3 54. Rxg2 Kh4 55. Rg8 Kh5 56. b4 Kh6 57. b5 Kh7 58. Rg2 Kh6 59. b6 Kh7 60. b7 Kh6 61. b8=Q Kh7 62. Qh2# 1-0

[Event "December 12 Late 2023"]
[Site "https://www.chess.com"]
[Date "2023.12.12"]
[Round "1"]
[White "Mazzilli, Piero"]
[Black "Karacsonyi, Gellert"]
[Result "0-1"]
[Board "98"]
[TimeControl "180+1"]
[WhiteFideId "807087"]
[BlackFideId "764620"]
[WhiteElo "2325"]
[BlackElo "2653"]
[WhiteTeam "ITA"]
[BlackTeam "HUN"]
[WhiteClock "0:00:38"]
[BlackClock "0:00:18"]

1. e4 c5 2. Nf3 Nc6 3. c3 Nf6 4. e5 Nd5 5. d4 cxd4 6. cxd4 e6 7. Bc4 Nb6 8. Bb3 d6 9. O-O dxe5 10. dxe5 Qxd1 11. Rxd1 Bd7 12. Nc3 Na5 13. Be3 Nac4 14. Bxb6 Nxb6 15. Ne4 h6 16. a4 Bc6 17. a5 Nd5 18. Nd4 Be7 19. Nxc6 bxc6 20. Ba4 Kd7 21. Rac1 Rhc8 22. Rc2 Rab8 23. Rdc1 Rb4 24. Rxc6 Rxa4 25. Rxc8 Rxe4 26. Ra8 Bc5 27. Kf1 Bd4 28. Rd1 Kc6 29. g3 Kb5 30. Rb8+ Ka6 31. Re1 Rxe1+ 32. Kxe1 Bxe5 33. Rf8 Bxb2 34. f4 Kxa5 35. Rxf7 Kb6 36. Kd2 a5 37. Kd3 Bf6 38. Rf8 a4 39. Ra8 Kb5 40. Rb8+ Nb6 41. Rb7 a3 42. Ra7 Na4 43. Kc2 a2 44. Rb7+ Ka6 45. Rb4 a1=Q 46. Rb3 Qa2+ 47. Kd3 Qxb3+ 48. Ke4 Qd5+ 49. Ke3 Qg2 50. h4 Qxg3+ 51. Ke4 Qxh4 52. Ke3 Qg4 53. f5 Qxf5 54. Kd2 Be7 55. Kc1 Qf2 56. Kb1 Qd2 57. Ka1 h5 58. Kb1 h4 59. Ka1 h3 60. Kb1 g5 61. Ka1 g4 62. Kb1 g3 63. Ka1 g2 64. Kb1 h2 65. Ka1 e5 66. Kb1 e4 67. Ka1 e3 68. Kb1 e2 69. Ka1 h1=N 70. Kb1 g1=N 71. Ka1 e1=N 72. Kb1 Bb4 73. Ka1 Nd3 74. Kb1 Ne2 75. Ka1 Nhf2 76. Kb1 Ng4 77. Ka1 Ne3 78. Kb1 Nac5 79. Ka1 Ba3 80. Kb1 Nc3+ 81. Ka1 Nb3# 0-1

[Event "December 12 Late 2023"]
[Site "https://www.chess.com"]
[Date "2023.12.12"]
[Round "1"]
[White "Mendes Aaron Reeve"]
[Black "Silvestre, Christian"]
[Result "1-0"]
[Board "99"]
[TimeControl "180+1"]
[WhiteFideId "25954938"]
[BlackFideId "30956269"]
[WhiteElo "2653"]
[BlackElo "2324"]
[WhiteTeam "CAN"]
[BlackTeam "USA"]
[WhiteClock "0:00:33"]
[BlackClock "0:00:03"]

1. e4 c5 2. Nf3 d6 3. d4 cxd4 4. Nxd4 Nf6 5. Nc3 g6 6. f3 a6 7. Be3 b5 8. Qd2 Bb7 9. a3 Nbd7 10. O-O-O h5 11. Be2 Bg7 12. h4 Rc8 13. Rhg1 Ne5 14. Bg5 Nc4 15. Qe1 Nh7 16. Bxc4 Rxc4 17. Be3 Qc7 18. g4 Nf6 19. gxh5 Rxh5 20. Rxg6 Bf8 21. Rg5 Rh8 22. Rf5 Bc8 23. Rxf6 exf6 24. Nd5 Qd8 25. Nf5 Be6 26. Bd4 Bxd5 27. exd5+ Kd7 28. b3 Rc8 29. Kb2 Rh5 30. Qe4 Qe8 31. Qg4 Rxf5 32. Qxf5+ Kc7 33. Bxf6 Kb7 34. Qe4 Qd7 35. h5 Qh3 36. Qg4 Qh2 37. Bc3 Be7 38. Qf5 Rc7 39. Qxf7 Bg5 40. Qf5 Bh6 41. Qg6 Bg7 42. Bxg7 1-0

[Event "December 12 Late 2023"]
[Site "https://www.chess.com"]
[Date "2023.12.12"]
[Round "1"]
[White "Dubreuil, Julien"]
[Black "Solon, Nathan"]
[Result "0-1"]
[Board "100"]
[TimeControl "180+1"]
[WhiteFideId "621285"]
[BlackFideId "2017229"]
[WhiteElo "2322"]
[BlackElo "2651"]
[WhiteTeam "FRA"]
[BlackTeam "USA"]
[WhiteClock "0:00:06"]
[BlackClock "0:01:57"]

1. e4 c5 2. Nf3 Nf6 3. e5 Nd5 4. c4 Nc7 5. Nc3 Nc6 6. d4 cxd4 7. Nxd4 Nxe5 8. Qe2 Nc6 9. Nxc6 dxc6 10. Be3 Ne6 11. Rd1 Qa5 12. g3 g6 13. Bg2 Bg7 14. O-O O-O 15. Qc2 Nc5 16. Bd4 Bxd4 17. Rxd4 Bf5 18. Qd2 Rad8 19. Rd1 Ne6 20. Nd5 Qc5 21. b4 Qxd4 22. Nxe7+ Kh8 0-1

[Event "December 12 Late 2023"]
[Site "https://www.chess.com"]
[Date "2023.12.12"]
[Round "1"]
[White "Narva, Mai"]
[Black "Todev, Simeon"]
[Result "1/2-1/2"]
[Board "101"]
[TimeControl "180+1"]
[WhiteFideId "4500512"]
[BlackFideId "2925133"]
[WhiteElo "2648"]
[BlackElo "2320"]
[WhiteTeam "EST"]
[BlackTeam "BUL"]
[WhiteClock "0:00:11"]
[BlackClock "0:00:03"]

1. e4 c5 2. Nf3 Nc6 3. d4 cxd4 4. Nxd4 e5 5. Nb5 a6 6. N5c3 b5 7. Nd5 Nf6 8. Bd3 Bb7 9. Bg5 Be7 10. Bxf6 Bxf6 11. O-O Bg5 12. c4 b4 13. Nd2 O-O 14. c5 a5 15. Nc4 Be7 16. Ncb6 Rb8 17. Rc1 Nd4 18. Qg4 Bc6 19. Rfd1 Bg5 20. Rb1 Ne6 21. Nc4 f5 22. exf5 Nxc5 23. Nxe5 Bxd5 24. Qd4 Bxa2 25. Bc4+ Bxc4 26. Qxc4+ Kh8 27. Qxc5 Rxf5 28. Qd6 Bf4 29. Qxd7 Bxh2+ 30. Kh1 Qh4 31. Qxf5 Bxe5+ 32. Qh3 Qxf2 33. Rd5 Bxb2 34. Rh5 Qc2 35. Rf1 Bf6 36. Rxa5 b3 37. Qf3 b2 38. Ra8 Qc8 39. Rxb8 Qxb8 40. Rb1 h6 41. Qe2 Qc8 42. Qe4 Qc1+ 43. Kh2 Be5+ 44. Kh3 Qc3+ 45. Qf3 Qc8+ 46. Qg4 Qc1 47. Qf5 Qc3+ 48. Qf3 Qd4 49. Qf8+ Kh7 50. Qf5+ Kg8 51. Qe6+ Kh7 52. Qf5+ g6 53. Qf7+ Bg7 54. Qf3 h5 55. Kh2 Be5+ 56. Kh3 Qc3 57. Qxc3 Bxc3 58. Kg3 Kh6 59. Kf3 Kg5 60. Ke2 Kg4 61. Kd3 Bf6 62. Kc2 Kg3 63. Rf1 Be5 64. Re1 Bd4 65. Re4 Bh8 66. Re6 g5 67. Rh6 Bd4 68. Rxh5 g4 69. Rd5 Bf2 70. Rg5 Kxg2 71. Rxg4+ Kf3 72. Rb4 Ke2 73. Kxb2 Kf3 74. Kb3 Be3 75. Rc4 Ke2 76. Kc3 Bd2+ 77. Kc2 Be3 78. Re4 Kf3 79. Kd3 Bg5 80. Re8 Kf4 81. Kd4 Bf6+ 82. Kd5 Bc3 83. Rf8+ Ke3 84. Kc4 Bg7 85. Rf7 Bh8 86. Rd7 Ke4 87. Re7+ Kf5 88. Kd5 Bf6 89. Re1 Bh4 90. Rf1+ Kg4 91. Ke4 Bg5 92. Rg1+ Kh4 93. Kf5 Be3 94. Re1 Bf2 95. Rf1 Kg3 96. Ke4 Kg2 97. Ra1 Kg3 98. Ra3+ Kg2 99. Rf3 Bg3 100. Ke3 Bh4 101. Ke2 Bg5 102. Rf8 Kg3 103. Rf5 Kg4 104. Rf8 Bf4 105. Kd3 Bd6 106. Ke4 Bxf8 1/2-1/2

[Event "December 12 Late 2023"]
[Site "https://www.chess.com"]
[Date "2023.12.12"]
[Round "1"]
[White "Kappeler, Kaspar"]
[Black "Ehlvest, Jaan"]
[Result "0-1"]
[Board "102"]
[TimeControl "180+1"]
[WhiteFideId "1309072"]
[BlackFideId "4500016"]
[WhiteElo "2318"]
[BlackElo "2644"]
[WhiteTeam "SUI"]
[BlackTeam "USA"]
[WhiteClock "0:00:04"]
[BlackClock "0:01:23"]

1. c4 g6 2. Nf3 Bg7 3. g3 c5 4. Bg2 Nc6 5. O-O d6 6. Nc3 Bg4 7. e3 e6 8. h3 Bxf3 9. Bxf3 Nge7 10. Rb1 Rb8 11. a3 a6 12. b4 cxb4 13. axb4 b5 14. cxb5 axb5 15. Qe2 Qb6 16. Ne4 Ne5 17. Bg2 O-O 18. d4 Nc4 19. h4 f5 20. Ng5 d5 21. h5 h6 22. hxg6 hxg5 23. Qh5 Rf6 24. Qxg5 Nxg6 25. Ra1 Nh8 26. g4 Nf7 27. Qh4 Rh6 28. Qg3 Rg6 29. Ra6 Qb7 30. f3 fxg4 31. fxg4 Nfe5 32. Bxd5 exd5 33. Rxg6 Nxg6 34. e4 dxe4 0-1

[Event "December 12 Late 2023"]
[Site "https://www.chess.com"]
[Date "2023.12.12"]
[Round "1"]
[White "Omelja, Artem"]
[Black "Copeland, Samuel"]
[Result "1/2-1/2"]
[Board "103"]
[TimeControl "180+1"]
[WhiteFideId "14119846"]
[BlackFideId "2007347"]
[WhiteElo "2639"]
[BlackElo "2314"]
[WhiteTeam "UKR"]
[BlackTeam "USA"]
[WhiteClock "0:00:47"]
[BlackClock "0:00:09"]

1. e4 c6 2. d4 d5 3. exd5 cxd5 4. Bd3 Nc6 5. c3 Qc7 6. Na3 a6 7. Nc2 Nh6 8. h3 Bf5 9. Nf3 Bxd3 10. Qxd3 e6 11. O-O Nf5 12. Ne3 Nxe3 13. Bxe3 Bd6 14. a4 h6 15. b3 O-O 16. c4 dxc4 17. bxc4 Rfd8 18. Qe4 Na5 19. c5 Be7 20. Rab1 Bf6 21. Rfd1 Rd5 22. Bf4 Qc6 23. Be5 Bxe5 24. Nxe5 Qxa4 25. Ra1 Qb4 26. Rdb1 Qc3 27. Qf3 Qxf3 28. Nxf3 Nc6 29. Rxb7 Nxd4 30. Nxd4 Rxd4 31. Rc1 Rc8 32. c6 Kf8 33. Ra7 Rd6 34. Rxa6 Ke7 35. Ra7+ Kf6 36. Rc3 Rd5 37. c7 e5 38. Kh2 Ke6 39. Ra6+ Rd6 40. Ra5 Rd7 41. Rc6+ Rd6 42. Rcc5 f6 43. Kg3 Rd7 44. Rc6+ Rd6 45. Rc1 Rd7 46. Rac5 Kd6 47. Rc6+ Ke7 48. f3 g6 49. h4 Rd6 50. R6c3 h5 51. f4 e4 52. f5 gxf5 53. Kf4 Rd2 54. Kxf5 Rxg2 55. Rc4 Rg4 56. Rxe4+ Rxe4 57. Kxe4 Kd6 58. Kf5 Rxc7 59. Rh1 Rc5+ 60. Kxf6 Kd7 61. Kg6 Ke7 62. Kg7 Rc4 63. Re1+ Kd6 64. Rd1+ Ke5 65. Rh1 Kf5 66. Kh6 Kg4 67. Kg7 Rc6 68. Kf7 Ra6 69. Rh2 Rb6 70. Rh1 Ra6 71. Kg7 Rb6 72. Kh7 Ra6 73. Kg7 Rb6 74. Kh7 Ra6 75. Kg7 1/2-1/2

[Event "December 12 Late 2023"]
[Site "https://www.chess.com"]
[Date "2023.12.12"]
[Round "1"]
[White "Rose, Felix"]
[Black "Riff, Vincent"]
[Result "1-0"]
[Board "104"]
[TimeControl "180+1"]
[WhiteFideId "5105722"]
[BlackFideId "617776"]
[WhiteElo "2311"]
[BlackElo "2636"]
[WhiteTeam "MEX"]
[BlackTeam "FRA"]
[WhiteClock "0:00:11"]
[BlackClock "0:00:42"]

1. e4 c5 2. Nf3 Nc6 3. d4 cxd4 4. Nxd4 e5 5. Nb5 d6 6. N1c3 a6 7. Na3 b5 8. Nab1 h6 9. a4 b4 10. Nd5 Nf6 11. Nxf6+ Qxf6 12. Bc4 Be6 13. Nd2 Be7 14. O-O O-O 15. c3 bxc3 16. bxc3 Qg6 17. Qe2 Rfd8 18. Ba3 Bf8 19. Rfd1 Na5 20. Bxe6 fxe6 21. Nf3 Rac8 22. Qxa6 Nc4 23. Bb4 Qxe4 24. a5 d5 25. Qxe6+ Kh8 26. Bxf8 Rxf8 27. Qxd5 Qxd5 28. Rxd5 e4 29. Ne5 Nxe5 30. Rxe5 Rxc3 31. Rxe4 Rc2 32. f3 Rd8 33. a6 Rdd2 34. Rg4 Ra2 35. Rxa2 Rxa2 36. Rg6 Kh7 37. Rb6 Ra1+ 38. Kf2 Ra2+ 39. Kg3 h5 40. h4 g6 41. Rb7+ Kh6 42. a7 g5 43. hxg5+ Kxg5 44. f4+ Kf5 45. Rc7 Ra3+ 46. Kh4 Kxf4 47. Kxh5 Kg3 48. Rg7+ Kf4 49. g4 Rh3+ 50. Kg6 Ra3 51. g5 Kg4 52. Kh7 Rh3+ 53. Kg8 Ra3 54. g6 Kg5 55. Kh8 Kh6 56. Kg8 Ra4 57. Kh8 Ra1 58. Kg8 Ra6 59. Kf8 Ra1 60. Re7 Kxg6 61. Ke8 Kf6 62. Kd8 Ra2 63. Rd7 Ke6 64. Kc8 Ra1 65. Rh7 Kd6 66. Kb8 Rb1+ 67. Rb7 Rh1 68. a8=Q Rh8+ 69. Ka7 1-0

[Event "December 12 Late 2023"]
[Site "https://www.chess.com"]
[Date "2023.12.12"]
[Round "1"]
[White "Golding, Alex"]
[Black "Marcziter, Dmitrii"]
[Result "0-1"]
[Board "105"]
[TimeControl "180+1"]
[WhiteFideId "427241"]
[BlackFideId "13900765"]
[WhiteElo "2636"]
[BlackElo "2307"]
[WhiteTeam "ENG"]
[BlackTeam "GER"]
[WhiteClock "0:00:00"]
[BlackClock "0:00:20"]

1. e4 c5 2. Nf3 a6 3. g3 Nc6 4. Bg2 g6 5. O-O Bg7 6. a4 d6 7. h3 e5 8. c3 Nge7 9. Na3 Rb8 10. Nc4 b5 11. axb5 axb5 12. Ne3 Be6 13. Ng5 Bd7 14. f4 h6 15. Nf3 O-O 16. d3 Be6 17. Nh4 exf4 18. gxf4 f5 19. exf5 gxf5 20. Kh1 Kh7 21. Qe1 Qd7 22. Bf3 Bf6 23. Bd2 Rg8 24. Qf2 d5 25. Nhg2 d4 26. Nd1 Bd5 27. Kh2 Rg7 28. Bxd5 Nxd5 29. c4 bxc4 30. dxc4 Ndb4 31. Ne1 Rbg8 32. Bxb4 Nxb4 33. Nf3 Qc7 34. Ne5 Bxe5 35. fxe5 Qxe5+ 36. Kh1 Nd3 37. Qf3 Rg3 38. Ra7+ Kh8 39. Qh5 Qe4+ 40. Rf3 Qxf3+ 41. Qxf3 Rxf3 42. Rh7+ Kxh7 0-1

[Event "December 12 Late 2023"]
[Site "https://www.chess.com"]
[Date "2023.12.12"]
[Round "1"]
[White "Nechitaylo, Nikita"]
[Black "Kokoszczynski, Jan"]
[Result "0-1"]
[Board "106"]
[TimeControl "180+1"]
[WhiteFideId "34138161"]
[BlackFideId "1174460"]
[WhiteElo "2299"]
[BlackElo "2636"]
[WhiteTeam "UKR"]
[BlackTeam "POL"]
[WhiteClock "0:00:00"]
[BlackClock "0:00:03"]

1. d4 Nf6 2. c4 d6 3. Nc3 g6 4. e4 Bg7 5. f3 O-O 6. Be3 c6 7. Qd2 a6 8. g4 b5 9. h4 h5 10. g5 Nfd7 11. f4 bxc4 12. Bxc4 d5 13. exd5 Nb6 14. Bb3 cxd5 15. Nf3 Bf5 16. Ne5 a5 17. Na4 Be4 18. Rf1 Nxa4 19. Bxa4 Qb6 20. Bd1 Nc6 21. Nd7 Qb7 22. Nxf8 Nb4 23. Nxg6 fxg6 24. f5 Nd3+ 25. Ke2 Nxb2 26. Kf2 Nc4 27. Qe1 Rf8 28. Kg1 Bxf5 29. Bf2 Qb6 30. Bb3 e6 31. Bxc4 dxc4 32. Rc1 Bxd4 33. Rxc4 Bxf2+ 34. Qxf2 Qb5 35. Qe2 Rd8 36. Rc3 Qb6+ 37. Qf2 Qd6 0-1

[Event "December 12 Late 2023"]
[Site "https://www.chess.com"]
[Date "2023.12.12"]
[Round "1"]
[White "Jaracz, Pawel"]
[Black "Biliy, Vadim"]
[Result "1-0"]
[Board "107"]
[TimeControl "180+1"]
[WhiteFideId "1102222"]
[BlackFideId "14114127"]
[WhiteElo "2636"]
[BlackElo "2298"]
[WhiteTeam "POL"]
[BlackTeam "UKR"]
[WhiteClock "0:01:09"]
[BlackClock "0:00:00"]

1. d4 c5 2. d5 f5 3. Nh3 Nf6 4. Nf4 g6 5. g3 Bg7 6. Bg2 O-O 7. O-O b5 8. a4 b4 9. Nd2 Bb7 10. Nc4 a5 11. c3 Ra7 12. Be3 Na6 13. cxb4 axb4 14. a5 Ne4 15. Qc2 Nd6 16. Nb6 g5 17. Nd3 f4 18. gxf4 gxf4 19. Bxf4 c4 20. Nxc4 Nxc4 21. Qxc4 Kh8 22. Bg3 Qa8 23. Ne5 Rc8 24. Qh4 Bxd5 25. Ng6+ Kg8 26. Nxe7+ Kh8 27. Bxd5 Qb8 28. Be4 1-0

[Event "December 12 Late 2023"]
[Site "https://www.chess.com"]
[Date "2023.12.12"]
[Round "1"]
[White "Kornyukov, Alexey"]
[Black "Gubajdullin, Alexei"]
[Result "1-0"]
[Board "108"]
[TimeControl "180+1"]
[WhiteFideId "4150457"]
[BlackFideId "4141202"]
[WhiteElo "2296"]
[BlackElo "2632"]
[WhiteTeam "RUS"]
[BlackTeam "RUS"]
[WhiteClock "0:00:12"]
[BlackClock "0:00:31"]

1. d4 Nf6 2. c4 g6 3. f3 Bg7 4. e4 d6 5. Nc3 O-O 6. Bg5 h6 7. Be3 c5 8. d5 e6 9. Qd2 exd5 10. cxd5 h5 11. a4 Na6 12. Bc4 Nb4 13. Nge2 Nd7 14. f4 Nb6 15. Bb3 c4 16. Bc2 f5 17. a5 Nd7 18. Bb1 Nf6 19. exf5 Bxf5 20. Bxf5 gxf5 21. O-O Qe8 22. Nd4 Ng4 23. Ne6 Nc2 24. Rae1 Ngxe3 25. Rxe3 Bd4 26. Rf3 Bxe3+ 27. Rxe3 Nxe3 28. Qxe3 Rf6 29. Ne2 Rg6 30. N2d4 Qa4 31. h3 Qd1+ 32. Kh2 Qf1 33. Ng5 Rf8 34. Nde6 Qd3 35. Qxa7 Qxd5 36. Nxf8 Kxf8 37. Qb8+ Kg7 38. Qc7+ Kf8 39. Qd8+ Kg7 40. Qe7+ Kg8 41. Qh7+ Kf8 42. Qxg6 Ke7 43. Qg7+ Ke8 44. Nh7 Qf7 45. Nf6+ Ke7 46. Nd5+ Ke6 47. Qxf7+ Kxf7 48. Ne3 Ke6 49. Nxc4 Kd5 50. Ne3+ Ke4 51. Nxf5 Kxf5 52. Kg3 d5 53. b4 Ke4 54. b5 Ke3 55. a6 bxa6 56. bxa6 h4+ 57. Kxh4 d4 58. a7 d3 59. a8=Q d2 60. Qe8+ Kf2 61. Qd7 Ke2 62. Qxd2+ Kxd2 63. f5 Ke3 64. f6 Ke4 65. f7 Ke5 66. f8=Q Ke6 67. Qf3 Ke5 68. g4 Kd4 69. g5 Ke5 70. g6 Ke6 71. g7 Ke5 72. g8=Q Kd4 73. Qgg4+ Ke5 74. Qff5+ Kd6 75. Qgg6+ Ke7 76. Qff7+ Kd8 77. Qgg8# 1-0

[Event "December 12 Late 2023"]
[Site "https://www.chess.com"]
[Date "2023.12.12"]
[Round "1"]
[White "Manukyan, Sargis A."]
[Black "Gonzalez Zharikov, Andrey"]
[Result "1-0"]
[Board "109"]
[TimeControl "180+1"]
[WhiteFideId "13303970"]
[BlackFideId "5145287"]
[WhiteElo "2632"]
[BlackElo "2286"]
[WhiteTeam "ARM"]
[BlackTeam "MEX"]
[WhiteClock "0:00:07"]
[BlackClock "0:00:05"]

1. d4 Nf6 2. c4 e6 3. Nc3 d5 4. cxd5 exd5 5. Bg5 c6 6. e3 Be7 7. Bd3 Nbd7 8. Nf3 O-O 9. Qc2 Re8 10. O-O Nf8 11. Bxf6 Bxf6 12. b4 Bg4 13. Nd2 Rc8 14. Bf5 Bxf5 15. Qxf5 g6 16. Qd3 Ne6 17. a4 Qd6 18. Rab1 Rcd8 19. Nb3 b6 20. a5 c5 21. bxc5 bxc5 22. Nb5 Qe7 23. Nxc5 Nxc5 24. dxc5 Qxc5 25. Rfc1 Qf8 26. Nxa7 d4 27. e4 Ra8 28. Nc6 Qd6 29. g3 Rec8 30. Rb6 Rxa5 31. Ne7+ Qxe7 32. Rxc8+ Kg7 33. Rbb8 Ra1+ 34. Kg2 Ra3 35. Qd2 Qxe4+ 36. Kg1 Ra1+ 37. Rc1 Rxc1+ 38. Qxc1 d3 39. Qd1 Bd4 40. Rb3 Qe2 41. Rxd3 Qxf2+ 42. Kh1 Bf6 43. Qf3 Qe1+ 44. Kg2 Qe6 45. Rd1 Qa2+ 46. Qf2 Qe6 47. Rf1 Qe4+ 48. Qf3 Qc2+ 49. Rf2 Qc3 50. Qf4 Qc6+ 51. Kg1 Qe6 52. h4 Qe1+ 53. Kg2 Qe6 54. Kh2 h5 55. Kg2 Qc6+ 56. Kh2 Qe6 57. Qf3 Qe5 58. Qb3 Qd4 59. Kg2 Qe4+ 60. Kh2 Qd4 61. Qf3 Qe5 62. Rf1 Qe6 63. Rd1 Qe5 64. Kg2 Qb2+ 65. Qf2 Qe5 66. Rd3 Qe4+ 67. Rf3 Qe5 68. Rf4 Qd5+ 69. Qf3 Qe5 70. Re4 Qb2+ 71. Re2 Qd4 72. Ra2 Qe5 73. Qd3 Qe6 74. Ra7 Qc6+ 75. Kh2 Qe6 76. Qc2 Qe5 77. Qa2 Bxh4 78. Qxf7+ Kh6 79. Qh7+ Kg5 80. Qe7+ Qxe7 81. Rxe7 Kf6 82. Re8 Bg5 83. Rf8+ Kg7 84. Rf3 Bf6 85. Kg2 Bg5 86. Ra3 Bf6 87. Kf3 g5 88. Ke4 Kg6 89. Ra6 h4 90. g4 Kf7 91. Kf5 Be7 92. Rh6 Bf8 93. Rh7+ Bg7 94. Kxg5 Kg8 95. Rxh4 Kf7 96. Rh1 Bf6+ 97. Kf5 1-0